Map: Disco Bloodbath LE

Players

ChOkO

  • Race: Zerg Zerg
  • League: Diamond
  • Spawn Location: 9:00

Scar - Winner!

  • Race: Protoss Protoss
  • League: Platinum
  • Spawn Location: 3:00

VOD

Have the link to the VOD?

Description

Time

  • Played on: Nov. 21, 2019, 7:30 p.m.
  • Length: 15:06
Show
View Real Time Build Order
Export as new Build Order

ChOkO Zerg 

Build Orders: Hatch First, Roach Hydra 

Get SALT Encoding   

  12  0:00  Drone  
  13  0:12  Overlord  
  13  0:19  Drone  
  14  0:31  Drone x2  
  16  0:49  Hatchery  
  15  0:52  Drone  
  15  0:56  Drone  
  17  0:59  Drone  
  18  1:06  Extractor  
  17  1:19  Spawning Pool  
  17  1:24  Drone  
  17  1:25  Drone  
  18  1:39  Drone x2  
  20  1:49  Overlord  
  20  2:05  Queen x2  
  20  2:07  Zergling x2  
  20  2:08  Zergling x2  
  26  2:14  Metabolic Boost  
  26  2:32  Drone  
  26  2:33  Drone x4  
  31  3:01  Hatchery  
  30  3:08  Drone x6  
  36  3:16  Overlord  
  36  3:17  Overlord  
  36  3:32  Lair  
  36  3:34  Queen  
  36  3:37  Drone x6  
  44  3:58  Extractor  
  44  4:01  Overlord  
  44  4:02  Drone x5  
  48  4:03  Roach Warren  
  48  4:09  Queen  
  47  4:12  Overlord  
  47  4:13  Overlord  
  49  4:18  Overlord  
  49  4:26  Extractor  
  48  4:32  Pneumatized Carapace  
  48  4:34  Spore Crawler, Drone x3  
  48  4:35  Drone x2  
  48  4:37  Overlord  
  52  4:40  Drone  
  52  4:41  Drone x3  
  52  4:44  Glial Reconstitution  
  56  4:54  Overseer  
  56  5:01  Roach x3  
  56  5:02  Overlord, Drone  
  56  5:03  Drone x7  
  56  5:04  Extractor  
  56  5:06  Extractor  
  68  5:09  Spore Crawler  
  68  5:12  Overlord  
  68  5:14  Queen  
  67  5:20  Evolution Chamber  
  68  5:29  Overlord  
  68  5:36  Roach  
  68  5:37  Roach x8  
  86  5:43  Spore Crawler  
  86  5:45  Queen  
  86  5:48  Hydralisk Den  
  86  5:53  Zergling x2  
  87  5:58  Spore Crawler, Overlord  
  87  5:59  Zerg Missile Weapons Level 1  
  87  6:00  Drone  
  87  6:01  Drone  
  89  6:25  Zergling x4  
  89  6:31  Zergling x20  
  99  6:46  Overlord  
  97  6:52  Drone x6  
  97  6:53  Infestation Pit, Spire  
  96  6:55  Queen x2  
  96  6:59  Overlord  
  100  7:04  Hatchery  
  100  7:06  Extractor, Grooved Spines  
  98  7:09  Overlord  
  98  7:10  Overlord x3, Evolution Chamber  
  97  7:22  Baneling Nest  
  90  7:45  Hydralisk  
  90  7:46  Hydralisk  
  90  7:47  Hydralisk x9  
  110  7:53  Overlord x2  
  110  7:58  Drone x3  
  113  8:02  Zerg Melee Weapons Level 1  
  113  8:07  Zerg Missile Weapons Level 2  
  113  8:18  Muscular Augments, Drone  
  112  8:25  Infestor  
  112  8:26  Infestor  
  116  8:40  Overseer  
  116  8:42  Queen  
  116  8:44  Hive  
  118  8:50  Baneling x4  
  118  8:56  Overlord x2  
  118  8:57  Hydralisk x4  
  118  8:59  Overlord, Drone  
  118  9:00  Drone x5  
  132  9:03  Extractor  
  131  9:10  Hydralisk  
  131  9:11  Overlord  
  133  9:22  Corruptor  
  133  9:23  Corruptor x2  
  139  9:27  Overlord  
  139  9:34  Extractor  
  139  9:38  Spore Crawler  
  137  9:45  Hydralisk x6  
  111  10:05  Hydralisk  
  111  10:06  Corruptor x3, Hydralisk  
  104  10:12  Corruptor  
  106  10:17  Infestor, Hydralisk  
  106  10:18  Zergling x2  
  106  10:19  Drone  
  90  10:23  Hydralisk  
  90  10:26  Zergling x2  
  90  10:27  Zergling x2  
  82  10:30  Zergling x4  
  82  10:35  Hydralisk  
  80  10:44  Overlord x3  
  55  11:18  Overlord  
  55  11:26  Overlord x2  
  55  11:28  Overlord  
  55  11:29  Overlord  
  55  11:52  Hydralisk  
  55  11:53  Corruptor x3  
  63  11:57  Baneling x2  
  63  11:58  Baneling  
  62  12:19  Corruptor  
  62  12:20  Corruptor x5  
  62  12:22  Overlord  
  72  12:30  Pathogen Glands  
  72  12:31  Drone  
  73  12:37  Corruptor  
  75  13:00  Zergling x2  
  75  13:01  Zergling x2  
  75  13:05  Hatchery  
  76  13:10  Baneling x2  
  77  13:12  Zergling x2  
  77  13:13  Zergling x4  
  79  13:21  Zergling x4  
  44  13:38  Corruptor  
  49  13:48  Zergling x2  
  49  13:49  Zergling x4  
  46  14:00  Zergling x2  
  43  14:06  Zergling x2  
  4  14:48  Drone x3  
Show
View Real Time Build Order
Export as new Build Order

Scar Protoss - Winner!

Build Orders: Carriers 

Get SALT Encoding   

  12  0:01  Probe  
  13  0:13  Probe  
  14  0:18  Pylon  
  14  0:25  Probe  
  15  0:37  Probe (Chrono Boost)  
  16  0:45  Assimilator  
  16  0:47  Probe (Chrono Boost)  
  17  0:52  Probe (Chrono Boost)  
  18  1:04  Probe (Chrono Boost)  
  19  1:16  Probe (Chrono Boost)  
  20  1:21  Probe (Chrono Boost)  
  21  1:27  Nexus  
  21  1:30  Probe  
  22  1:33  Pylon  
  22  1:42  Probe  
  23  1:47  Assimilator  
  23  1:51  Forge  
  23  1:54  Probe  
  24  2:06  Probe  
  25  2:16  Gateway  
  25  2:18  Probe  
  26  2:30  Probe  
  26  2:31  Photon Cannon  
  26  2:34  Photon Cannon  
  27  2:42  Probe x2  
  29  2:50  Pylon  
  29  2:54  Probe  
  29  2:55  Probe  
  31  3:06  Probe  
  31  3:07  Probe  
  31  3:10  Cybernetics Core  
  33  3:18  Probe, Photon Cannon  
  33  3:19  Probe  
  35  3:28  Assimilator  
  35  3:30  Probe  
  35  3:31  Probe  
  35  3:32  Assimilator  
  37  3:35  Photon Cannon  
  37  3:42  Probe  
  37  3:43  Probe  
  37  3:46  Pylon  
  39  3:54  Probe  
  39  3:55  Probe  
  40  4:04  Stargate  
  40  4:06  Probe  
  40  4:07  Probe, Stargate  
  40  4:08  Stargate  
  42  4:19  Probe x2  
  42  4:21  Pylon  
  44  4:28  Cybernetics Core  
  44  4:29  Pylon  
  44  4:31  Probe x2  
  46  4:43  Probe x2  
  48  4:48  Fleet Beacon  
  48  4:50  Phoenix x2  
  52  4:55  Probe  
  52  4:56  Probe  
  54  5:07  Probe  
  54  5:08  Probe  
  56  5:19  Probe, Protoss Air Weapons Level 1, Protoss Air Armor Level 1  
  56  5:20  Probe  
  58  5:34  Carrier (Chrono Boost)  
  58  5:35  Carrier (Chrono Boost)  
  70  5:49  Carrier (Chrono Boost)  
  70  5:55  Pylon x2  
  76  6:00  Pylon  
  76  6:02  Probe x2  
  78  6:14  Probe x2  
  80  6:20  Zealot  
  81  6:26  Probe  
  81  6:27  Probe  
  81  6:31  Carrier (Chrono Boost)  
  87  6:38  Probe  
  87  6:39  Probe  
  89  6:47  Zealot  
  89  6:51  Probe x2  
  91  7:03  Probe x2  
  91  7:04  Carrier  
  99  7:15  Probe x2, Nexus  
  101  7:27  Probe  
  102  7:30  Pylon  
  102  7:33  Pylon  
  102  7:39  Probe  
  102  7:46  Probe  
  102  7:48  Carrier  
  107  7:51  Probe  
  107  7:58  Probe  
  109  8:03  Probe  
  110  8:10  Probe  
  110  8:11  Carrier  
  117  8:15  Probe  
  118  8:26  Probe, Carrier  
  125  8:34  Nexus  
  125  8:39  Pylon  
  125  8:40  Pylon  
  125  8:42  Pylon  
  125  8:48  Assimilator  
  125  8:52  Assimilator  
  125  9:06  Protoss Air Weapons Level 2 (Chrono Boost), Protoss Air Armor Level 2 (Chrono Boost)  
  125  9:07  Carrier  
  131  9:10  Probe x3  
  131  9:14  Assimilator  
  131  9:16  Assimilator  
  134  9:22  Probe x2  
  134  9:23  Probe  
  137  9:29  Carrier  
  143  9:54  Carrier  
  137  10:12  Carrier  
  141  10:33  Carrier  
  147  10:58  Carrier  
  152  11:16  Carrier  
  150  11:25  Probe x4  
  154  11:37  Carrier  
  160  11:48  Nexus  
  160  11:51  Assimilator, Nexus  
  160  11:53  Pylon  
  160  11:54  Pylon  
  160  11:55  Assimilator x2, Pylon  
  160  11:56  Pylon x2  
  160  11:58  Pylon  
  160  12:01  Assimilator  
  158  12:02  Carrier  
  164  12:20  Carrier  
  164  12:22  Protoss Air Armor Level 3 (Chrono Boost), Protoss Air Weapons Level 3 (Chrono Boost)  
  170  12:41  Carrier  
  176  13:07  Carrier  
  182  13:24  Carrier  
  182  13:32  Robotics Facility  
  176  13:35  Stargate  
  176  13:36  Stargate  
  176  13:46  Carrier  
  181  13:58  Probe x3  
  181  13:59  Probe x3  
  176  14:10  Probe x3  
  176  14:11  Probe  
Tags
 
Add a new tag
Caveats
  • Supply blocks, unpowered buildings, or Contaminate may cause inaccurate times.
  • Supply counts are checked every 10 seconds.